 Dungeon Crawl Stone Soup version 0.30-a0-297-g0ec75d9ef4 (webtiles) character file.

Game seed: 17403672520098511898

1758 plokij the Covered (level 8, -5/71 HPs)
             Began as a Minotaur Fighter on Oct 18, 2022.
             Was a Priest of Okawaru.
             Slain by an orc warrior
             ... wielding a +0 trident
              (14 damage)
             ... on level 6 of the Dungeon.
             The game lasted 00:22:53 (5953 turns).

plokij the Covered (Minotaur Fighter)               Turns: 5953, Time: 00:22:54

Health: -5/71      AC: 13    Str: 22    XL:     8   Next: 79%
Magic:  5/7        EV: 12    Int:  5    God:    Okawaru [***...]
Gold:   249        SH: 11    Dex: 11    Spells: 7/7 levels left

rFire   . . .      SeeInvis .    a - +0 long sword
rCold   . . .      Faith    .    c - +0 buckler
rNeg    + . .      Spirit   .    y - +0 chain mail
rPois   .          Reflect  +    (helmet restricted)
rElec   .          Harm     .    (no cloak)
rCorr   .          Rampage  .    p - +0 pair of gloves
Will    .....                    (no boots)
Stlth   ..........               G - amulet of reflection
HPRegen 0.31/turn                t - ring of positive energy
MPRegen 0.10/turn                (no ring)

@: heroic
A: horns 2, retaliatory headbutt
a: Renounce Religion, Heroism


You were on level 6 of the Dungeon.
You worshipped Okawaru.
Okawaru was most pleased with you.
You visited 1 branch of the dungeon, and saw 7 of its levels.

You collected 249 gold pieces.

Inventory:

Hand Weapons
 a - a +0 long sword (weapon)
 C - a +0 shortbow
Missiles
 j - a throwing net (quivered)
Armour
 c - a +0 buckler (worn)
 p - a +0 pair of gloves (worn)
 y - a +0 chain mail (worn)
Jewellery
 g - a +6 ring of intelligence
 t - a ring of positive energy (left hand)
 G - an amulet of reflection (around neck)
Wands
 u - a wand of paralysis (20)
Scrolls
 b - a scroll of enchant weapon {unknown}
 e - 4 scrolls of amnesia {unknown}
 f - 2 scrolls of vulnerability {unknown}
 i - 4 scrolls of identify {unknown}
 k - 2 scrolls of immolation {unknown}
 o - a scroll of fear {unknown}
 s - a scroll of fog {unknown}
 w - a scroll of enchant armour {unknown}
 x - a scroll of poison {unknown}
 D - 3 scrolls of silence {unknown}
 E - a scroll of teleportation {unknown}
Potions
 d - a potion of might
 h - 3 potions of mutation {unknown}
 l - 2 potions of invisibility {unknown}
 m - a potion of lignification {unknown}
 n - 2 potions of degeneration {unknown}
 q - 2 potions of resistance {unknown}
 r - 2 potions of flight {unknown}
 v - 2 potions of haste {unknown}
 A - a potion of attraction {unknown}
 B - 2 potions of curing {unknown}
 F - a potion of magic {unknown}
 H - a potion of berserk rage {unknown}


   Skills:
 + Level 6.5(11.5) Fighting
 + Level 6.6(11.6) Long Blades
 + Level 6.7(11.7) Armour
 * Level 6.5(11.5) Dodging
 + Level 6.6(11.6) Shields


You had 7 spell levels left.
You didn't know any spells.
Your spell library contained the following spells:

 Spells                   Type           Power      Damage    Failure   Level
 Magic Dart               Conj           0%         1d3       98%         1
 Sandblast                Erth           0%         2d4       98%         1
 Sting                    Tmut/Pois      0%         1d3       98%         1
 Passwall                 Tmut/Erth      0%         N/A       99%         2
 Poisonous Vapours        Pois/Air       0%         N/A       99%         2
 Mephitic Cloud           Conj/Pois/Air  0%         N/A       100%        3
 Stone Arrow              Conj/Erth      0%         3d7       100%        3
 Olgreb's Toxic Radiance  Pois           0%         N/A       100%        4
 Storm Form               Tmut/Air       0%         N/A       100%        7
 Maxwell's Capacitive Co  Air            0%         ∞         100%        8
 Call Imp                 Summ           Unusable   N/A       N/A         2
 Summon Ice Beast         Ice/Summ       Unusable   N/A       N/A         4
 Summon Lightning Spire   Summ/Air       Unusable   N/A       N/A         4
 Summon Mana Viper        Hex/Summ       Unusable   N/A       N/A         5
 Monstrous Menagerie      Summ           Unusable   N/A       N/A         7

Dungeon Overview and Level Annotations

Branches:
Dungeon (7/15)             Temple (0/1) D:5

Altars:
Hepliaklqana
Okawaru

Shops:
D:5 *


Innate Abilities, Weirdness & Mutations

You have a pair of horns on your head.
You reflexively headbutt those who attack you in melee.


Message History

The kobold brigand hits you with a +0 dagger!
* * * LOW HITPOINT WARNING * * *
You slash the scorpion!
You kill the scorpion!
Okawaru accepts your kill.
Okawaru will now gift you throwing weapons as you gain piety.
The orc warrior hits you but does no damage.
The kobold brigand barely misses you. You block the orc warrior's attack.
You closely miss the orc warrior.
The orc warrior is moderately wounded.
The kobold brigand hits you but does no damage.
The orc warrior hits you but does no damage.
You hit the orc warrior but do no damage.
You headbutt the orc warrior.
The orc warrior is heavily wounded.
The kobold brigand hits you but does no damage.
The orc warrior hits you with a +0 trident.
* * * LOW HITPOINT WARNING * * *
You barely miss the orc warrior.
The orc warrior is heavily wounded.
The kobold brigand barely misses you. The orc warrior barely misses you.
You hit the orc warrior but do no damage.
You headbutt the orc warrior.
The orc warrior is heavily wounded.
You block the kobold brigand's attack. The orc warrior closely misses you.
You hit the orc warrior but do no damage.
Your headbutt misses the orc warrior.
The orc warrior is heavily wounded.
The kobold brigand misses you.
The orc warrior hits you with a +0 trident!
* * * LOW HITPOINT WARNING * * *
You gain the combat prowess of a mighty hero.
You block the kobold brigand's attack.
The orc warrior hits you with a +0 trident.
* * * LOW HITPOINT WARNING * * *
You closely miss the orc warrior. You headbutt the orc warrior.
The orc warrior is severely wounded.
You block the kobold brigand's attack.
The orc warrior hits you with a +0 trident!
You die...

................#####
................#
.......[........#
............#...#
................##
.................###
.............###.#.###
.............##)o....#
...............†@...##
.............#.K...##
.................#.#####
............##......##.##
........##...###....#...##
...............[.........#
........#..............###
....##.................##
........................##


You could see an orc warrior and a kobold brigand.

Vanquished Creatures
  Eustachio (D:5)
  2 water moccasins (D:5)
  A centaur (D:5)
  2 ogres (D:6)
  A necrophage (D:6)
  5 scorpions
  Blork the orc (D:6)
  A howler monkey (D:4)
  2 jellies
  3 hounds
  2 orc priests
  A gnoll bouda (D:5)
  6 iguanas
  Ijyb (D:4)
  2 orc wizards
  Robin (D:3)
  4 gnolls (D:5)
  4 adders
  2 white imps (D:6)
  A worm (D:2)
  5 dart slugs
  17 orcs
  8 ball pythons
  8 endoplasms
  4 giant cockroaches
  14 goblins
  11 hobgoblins
  10 jackals
  2 quokkas (D:1)
  10 bats
  2 frilled lizards
  6 kobolds
  3 rats
143 creatures vanquished.

Notes
Turn   | Place    | Note
-------+----------+-------------------------------------------
     0 | D:1      | plokij the Minotaur Fighter began the quest for the Orb.
     0 | D:1      | Reached XP level 1. HP: 19/19 MP: 0/0
   128 | D:1      | Reached XP level 2. HP: 27/27 MP: 1/1
   277 | D:1      | Reached skill level 1 in Dodging
   277 | D:1      | Reached XP level 3. HP: 7/33 MP: 2/2
   292 | D:1      | HP: 1/33 [ball python (3)]
   433 | D:1      | Found a faded altar of an unknown god.
  1243 | D:2      | You fall into a shaft and drop 1 floor!
  1287 | D:2      | Reached XP level 4. HP: 15/40 MP: 3/3
  1921 | D:2      | Found an iron altar of Okawaru.
  1937 | D:2      | Became a worshipper of Warmaster Okawaru
  2134 | D:3      | Reached XP level 5. HP: 25/46 MP: 4/4
  2303 | D:3      | Found a hazy altar of Hepliaklqana.
  2543 | D:4      | Noticed Robin
  2654 | D:3      | Killed Robin
  2943 | D:4      | Reached XP level 6. HP: 53/53 MP: 5/5
  2970 | D:4      | Noticed Ijyb
  3469 | D:4      | Killed Ijyb
  3797 | D:5      | Entered Level 5 of the Dungeon
  4081 | D:5      | Reached skill level 5 in Fighting
  4081 | D:5      | Reached skill level 5 in Long Blades
  4081 | D:5      | Reached skill level 5 in Armour
  4081 | D:5      | Reached skill level 5 in Shields
  4143 | D:5      | Reached * piety under Okawaru
  4203 | D:5      | Reached XP level 7. HP: 61/61 MP: 6/6
  4358 | D:5      | Found a staircase to the Ecumenical Temple.
  4378 | D:5      | Noticed Eustachio
  4415 | D:5      | Killed Eustachio
  4538 | D:5      | Found Zuocong's Assorted Antiques.
  4804 | D:5      | Reached skill level 5 in Dodging
  4804 | D:5      | Reached XP level 8. HP: 68/70 MP: 7/7
  5247 | D:5      | Reached ** piety under Okawaru
  5787 | D:6      | Noticed Blork the orc
  5802 | D:6      | Killed Blork the orc
  5946 | D:6      | Reached *** piety under Okawaru
  5953 | D:6      | Slain by an orc warrior

Illustrated notes

Levels and vault maps discovered:
D:1:      evilmike_arrival_rings, layout_basic,
          hellmonk_ecumenical_altar_pennies_from_heaven
D:2:      layout_basic, basic_altar
D:3:      layout_rooms, nicolae_overflow_crystal_walls, hex_medium
D:4:      layout_cave_pools, supply_closet_lemuel, kennysheep_decorative_pillar,
          uniq_robin, uniq_ijyb
D:5:      layout_basic, minmay_temple_entry_hall, serial_shops, shop,
          uniq_eustachio
D:6:      layout_cave_pools, minmay_misc_feat_square, kennysheep_nub,
          uniq_blork_the_orc
D:7:      layout_loops_ring, enter_bailey_2

Skill      XL: |  1  2  3  4  5  6  7  8 |
---------------+-------------------------+-----
Long Blades    | 3 4 5 6 |  6.6
Shields        | 4 5 6 |  6.6
Dodging        | 1 2 3 5 6 |  6.5
Fighting       | 4 5 6 |  6.5
Armour         | 4 5 6 |  6.7

Action                   |  1- 3 |  4- 6 |  7- 9 || total
-------------------------+-------+-------+-------++-------
Melee: Long sword        |   109 |   183 |   153 ||   445
       Headbutt          |     9 |    25 |    27 ||    61
Invok: Heroism           |       |       |     5 ||     5
  Use: Potion            |       |     4 |     2 ||     6
Armor: Scale mail        |    55 |    93 |       ||   148
       Chain mail        |       |    26 |   119 ||   145
Dodge: Dodged            |    63 |   105 |   103 ||   271
Block: Buckler           |    29 |    44 |    79 ||   152
       Reflection        |       |       |     5 ||     5

Table legend: (Time is in decaauts)
 A = Elapsed time spent in this place.
 B = Non-inter-level travel time spent in this place.
 C = Inter-level travel time spent in this place.
 D = Time resting spent in this place.
 E = Time spent auto-exploring this place.
 F = Levels seen in this place.
 G = Mean time per level.
                   A        B        C        D        E       F      G
               +--------+--------+--------+--------+--------+-----+--------+
         Total |   6047 |   4956 |   1091 |    937 |   2765 |   7 |  863.9 |
       Dungeon |   6047 |   4956 |   1091 |    937 |   2765 |   7 |  863.9 |
               +--------+--------+--------+--------+--------+-----+--------+

Top non-repeatable levels by time:
     D:5: 1402 daAuts
     D:4: 1063 daAuts
     D:1: 1055 daAuts
     D:3: 1050 daAuts
     D:2: 908 daAuts
     D:6: 564 daAuts
     D:7: 1 daAuts
